 Dungeon Crawl Stone Soup version 0.27-a0-1532-gca18f49f40 (webtiles) character file.

Game seed: 8301299272010586484

186 pokeman the Magician (level 5, 0/29 HPs)
             Began as a Deep Elf Hedge Wizard on July 12, 2021.
             Succumbed to a goblin's poison
             ... on level 2 of the Dungeon.
             The game lasted 00:05:38 (2910 turns).

pokeman the Magician (Deep Elf Hedge Wizard)        Turns: 2910, Time: 00:05:38

Health: 0/29       AC:  4    Str:  7    XL:     5   Next: 38%
Magic:  6/15       EV: 12    Int: 20    God:
Gold:   29         SH:  0    Dex: 14    Spells: 5/16 levels left

rFire    . . .     SeeInvis .   e - +0 mace
rCold    . . .     Faith    .   (no shield)
rNeg     . . .     Spirit   .   m - +0 leather armour
rPois    .         Reflect  .   c - +0 hat
rElec    .         Harm     .   (no cloak)
rCorr    .         Rampage  .   j - +0 pair of gloves
Will     .....                  (no boots)
Stlth    ++........             (no amulet)
HPRegen  0.09/turn              (no ring)
MPRegen  0.14/turn              (no ring)

@: lethally poisoned (0 -> -18), very slightly contaminated
A: no striking features
a: no special abilities


You were on level 2 of the Dungeon.
You visited 1 branch of the dungeon, and saw 2 of its levels.

You collected 29 gold pieces.

Inventory:

Hand Weapons
 e - a +0 mace (weapon)
Armour
 c - a +0 hat (worn)
 g - a scarf of harm
 j - a +0 pair of gloves (worn)
 m - a +0 leather armour (worn)
Scrolls
 a - 2 scrolls of enchant weapon {unknown}
 k - a scroll of fear {unknown}
 l - a scroll of identify {unknown}
Potions
 d - a potion of brilliance {unknown}
 f - 2 potions of cancellation {unknown}
 h - 2 potions of heal wounds {unknown}
 i - a potion of lignification {unknown}


   Skills:
 - Level 1.1 Fighting
 - Level 1.1 Armour
 - Level 3.0 Dodging
 + Level 2.4 Stealth
 * Level 6.3 Spellcasting
 + Level 2.7 Conjurations
 - Level 1.1 Summonings
 - Level 1.1 Translocations
 - Level 1.0 Fire Magic
 + Level 0.4 Air Magic


You had 5 spell levels left.
You knew the following spells:

 Your Spells              Type           Power      Damage    Failure   Level
a - Magic Dart            Conj           68%        1d6       4%          1
b - Mephitic Cloud        Conj/Pois/Air  10%        N/A       28%         3
c - Call Imp              Summ           10%        N/A       14%         2
d - Blink                 Tloc           N/A        N/A       14%         2
e - Conjure Flame         Conj/Fire      13%        6-21      21%         3

Your spell library contained the following spells:

 Spells                   Type           Power      Damage    Failure   Level
 Slow                     Hex            6%         N/A       22%         2


Dungeon Overview and Level Annotations

Branches:
Dungeon (2/15)

Altars:

Annotations:
D:2 Robin


Message History

You kill the goblin!
Casting: Magic Dart (safe; 4% risk of failure)
Confirm with . or Enter, or press ? or * to list all spells.
Aiming: Magic Dart (safe; 4% risk of failure)
Press: ? - help, Shift-Dir - straight line, f - goblin
Aim: a goblin, wielding a +2 dagger of venom (strong, 100% to hit)
The magic dart hits the goblin.
The goblin is moderately wounded.
The goblin hits you with a +2 dagger of venom.
You are poisoned.
Casting: Magic Dart (safe; 4% risk of failure)
Confirm with . or Enter, or press ? or * to list all spells.
Aiming: Magic Dart (safe; 4% risk of failure)
Press: ? - help, Shift-Dir - straight line, f/p - goblin
Aim: a goblin, wielding a +2 dagger of venom (moderately wounded, strong, 100% to hit)
You miscast Magic Dart.
You are very lightly contaminated with residual magic.
Nothing appears to happen.
You feel very sick.
The goblin hits you with a +2 dagger of venom.
You are lethally poisoned!
Casting: Magic Dart (safe; 4% risk of failure)
Confirm with . or Enter, or press ? or * to list all spells.
Aiming: Magic Dart (safe; 4% risk of failure)
Press: ? - help, Shift-Dir - straight line, f/p - goblin
Aim: a goblin, wielding a +2 dagger of venom (moderately wounded, strong, 100% to hit)
The magic dart hits the goblin.
You kill the goblin!
* * * LOW HITPOINT WARNING * * *
You feel very sick. Robin throws the goblin at you!
The goblin hits you with a +0 dagger.
* * * LOW HITPOINT WARNING * * *
Casting: Magic Dart (safe; 4% risk of failure)
Confirm with . or Enter, or press ? or * to list all spells.
Aiming: Magic Dart (safe; 4% risk of failure)
Press: ? - help, Shift-Dir - straight line, f - goblin
Aim: a goblin, wielding a +0 dagger (strong, 100% to hit)
The magic dart hits the goblin.
You kill the goblin!
You die...

...........#
#######.#### #)# #)#
######## #w# ##......#
#g# ##... ...# #)#
...####.#####)# #
##..........##@#
#.#....###.##.##)#######
#.#...####.#............
#..........##......#####
###.###########...##
##.## ##.## #...#####
#.# #......†# #.#
#...###.# #+#


You could see Robin and a dart slug.

Vanquished Creatures
  2 orc wizards (D:2)
  Natasha (D:2)
  2 adders (D:2)
  A gnoll (D:1)
  A worm (D:2)
  A dart slug (D:1)
  An orc (D:2)
  4 endoplasms
  3 giant cockroaches
  14 goblins
  2 hobgoblins (D:2)
  4 jackals (D:1)
  2 ball pythons
  7 bats
  3 frilled lizards (D:1)
  6 kobolds
  5 rats
59 creatures vanquished.

Vanquished Creatures (collateral kills)
  An orc priest (D:2)
  An orc (D:2)
2 creatures vanquished.

Grand Total: 61 creatures vanquished

Notes
Turn   | Place    | Note
-------+----------+-------------------------------------------
     0 | D:1      | pokeman the Deep Elf Hedge Wizard began the quest for the
                  | Orb.
     0 | D:1      | Reached XP level 1. HP: 10/10 MP: 7/7
   241 | D:1      | Reached XP level 2. HP: 14/16 MP: 5/9
  1021 | D:1      | Reached skill level 5 in Spellcasting
  1184 | D:1      | Reached XP level 3. HP: 20/20 MP: 8/11
  1188 | D:1      | Learned a level 3 spell: Mephitic Cloud
  1191 | D:1      | Learned a level 2 spell: Call Imp
  1194 | D:1      | Learned a level 2 spell: Blink
  1198 | D:1      | Learned a level 3 spell: Conjure Flame
  1685 | D:2      | Noticed Natasha
  1694 | D:2      | Killed Natasha
  1695 | D:2      | Reached skill level 1 in Fighting
  1695 | D:2      | Reached skill level 1 in Armour
  1695 | D:2      | Reached XP level 4. HP: 4/25 MP: 3/13
  2471 | D:2      | Reached skill level 1 in Fire Magic
  2477 | D:2      | Reached skill level 6 in Spellcasting
  2477 | D:2      | Reached XP level 5. HP: 21/29 MP: 3/15
  2872 | D:2      | Noticed Robin
  2910 | D:2      | Succumbed to a goblin's poison

Illustrated notes

Levels and vault maps discovered:
D:1:      moated_graveyard_arrival, layout_basic, minivault_11,
          chequers_serial_rivers_small_b
D:2:      layout_loops_corners, uniq_natasha, uniq_robin

Skill      XL: |  1  2  3  4  5 |
---------------+----------------+-----
Spellcasting   | 5 6 |  6.3
Fighting       | 1 |  1.1
Armour         | 1 |  1.1
Conjurations   | 2 |  2.7
Fire Magic     | 1 |  1.0
Dodging        | 3 |  3.0
Stealth        | |  2.4
Summonings     | |  1.1
Translocations | |  1.1
Air Magic      | |  0.4

Action                   |  1- 3 |  4- 6 || total
-------------------------+-------+-------++-------
Melee: Mace              |     7 |    21 ||    28
 Cast: Magic Dart        |    78 |    57 ||   135
       Mephitic Cloud    |     1 |     4 ||     5
       Call Imp          |       |     1 ||     1
 Stab: Confused          |       |     1 ||     1
Armor: Robe              |     5 |     1 ||     6
       Leather armour    |       |     6 ||     6
Dodge: Dodged            |    11 |    14 ||    25

Table legend: (Time is in decaauts)
 A = Elapsed time spent in this place.
 B = Non-inter-level travel time spent in this place.
 C = Inter-level travel time spent in this place.
 D = Time resting spent in this place.
 E = Time spent auto-exploring this place.
 F = Levels seen in this place.
 G = Mean time per level.
                   A        B        C        D        E       F      G
               +--------+--------+--------+--------+--------+-----+--------+
         Total |   2921 |   2841 |     80 |    494 |   1983 |   2 | 1460.5 |
       Dungeon |   2921 |   2841 |     80 |    494 |   1983 |   2 | 1460.5 |
               +--------+--------+--------+--------+--------+-----+--------+

Top non-repeatable levels by time:
     D:1: 1930 daAuts
     D:2: 991 daAuts
